 Dungeon Crawl Stone Soup version 0.29-a0-72-g1732ff48e7 (webtiles) character file.

Game seed: 14012470396343327108

2 HallandMoats the Skirmisher (level 1, -4/19 HPs)
             Began as a Ghoul Fighter on Feb 4, 2022.
             Slain by a kobold (5 damage)
             ... on level 1 of the Dungeon.
             The game lasted 00:00:20 (54 turns).

HallandMoats the Skirmisher (Ghoul Fighter)           Turns: 54, Time: 00:00:20

Health: -4/19      AC:  6    Str: 19    XL:     1   Next: 40%
Magic:  0/0        EV:  9    Int:  3    God:
Gold:   0          SH:  4    Dex:  8    Spells: 0/0 levels left

rFire   . . .      SeeInvis .     - Unarmed
rCold   + . .      Faith    .   b - +0 buckler
rNeg    + + +      Spirit   .   a - +0 scale mail
rPois   ∞          Reflect  .   (no helmet)
rElec   .          Harm     .   (no cloak)
rCorr   .          Rampage  .   (no gloves)
Will    .....                   (no boots)
Stlth   ..........              (no amulet)
HPRegen 0.00/turn               (no ring)
MPRegen 0.07/turn               (no ring)

@: inhibited regen
A: claws 1, cold resistance 1, negative energy resistance 3, inhibited
regeneration, torment resistance 2
a: no special abilities


You were on level 1 of the Dungeon.
You visited 1 branch of the dungeon, and saw 1 of its levels.

Inventory:

Armour
 a - a +0 scale mail (worn)
 b - a +0 buckler (worn)
Potions
 c - a potion of might


   Skills:
 * Level 3.3 Fighting
 + Level 2.7 Armour
 + Level 0.0 Dodging
 + Level 2.7 Shields
 * Level 2.2 Unarmed Combat
 * Level 0.1 Invocations


You couldn't memorise any spells.
You didn't know any spells.
Your spell library was empty.

Dungeon Overview and Level Annotations

Branches:
Dungeon (1/15)

Altars:


Innate Abilities, Weirdness & Mutations

You thrive by killing the living.
You are immune to poison.
You have sharp fingernails.
Your flesh is cold resistant. (rC+)
You are immune to negative energy. (rN+++)
You do not regenerate when monsters are visible.
You are immune to unholy pain and torment.


Message History

The kobold is moderately wounded.
The kobold hits you with a +0 short sword.
The rat bites you.
* * * LOW HITPOINT WARNING * * *
The rat closely misses you.
You are too injured to fight recklessly!
You are too injured to fight recklessly!
You are too injured to fight recklessly!
You are too injured to fight recklessly!
You are too injured to fight recklessly!
You are too injured to fight recklessly!
You are too injured to fight recklessly!
You are too injured to fight recklessly!
You are too injured to fight recklessly!
You are too injured to fight recklessly!
You are too injured to fight recklessly!
You are too injured to fight recklessly!
You are too injured to fight recklessly!
You are too injured to fight recklessly!
You are too injured to fight recklessly!
You are too injured to fight recklessly!
You are too injured to fight recklessly!
You are too injured to fight recklessly!
You are too injured to fight recklessly!
Found 11 gold pieces.
A rat comes into view.
The rat closely misses you.
The rat twitches its whiskers.
You completely miss the rat. The rat bites you but does no damage.
The kobold misses you. The rat bites you but does no damage.
The rat bites you but does no damage.
The rat twitches its whiskers.
Found an escape hatch in the floor.
The kobold hits you but does no damage.
You completely miss the kobold.
The kobold hits you with a +0 short sword.
* * * LOW HITPOINT WARNING * * *
You closely miss the kobold.
The kobold hits you with a +0 short sword.
You die...

....###....## #.##
............###.......
#>......#.......##... $
#.................... #.
#................... #.
#..............#...####.
........#...........##..
#@KrJ.....†.......
###r....##..r.#...
#.....##....#...
###....##........
#...............$.
#...##.........##. #...
#.[.......##. #...
#...8.8...##. #...
####.<.#####.


You could see an endoplasm, a kobold and 2 rats.

Vanquished Creatures
  2 hobgoblins (D:1)
2 creatures vanquished.

Notes
Turn   | Place    | Note
-------+----------+-------------------------------------------
     0 | D:1      | HallandMoats the Ghoul Fighter began the quest for the Orb.
     0 | D:1      | Reached XP level 1. HP: 19/19 MP: 0/0
    54 | D:1      | Slain by a kobold

Illustrated notes

Levels and vault maps discovered:
D:1:      mrwooster_arrival_statue, layout_rooms,
          chequers_ecumenical_altar_simple, minmay_nonomino_d4

Action                   || total
-------------------------++-------
Melee: Unarmed           ||    21
Armor: Scale mail        ||    12
Dodge: Dodged            ||    13
Block: Buckler           ||     2

Table legend: (Time is in decaauts)
 A = Elapsed time spent in this place.
 B = Non-inter-level travel time spent in this place.
 C = Inter-level travel time spent in this place.
 D = Time resting spent in this place.
 E = Time spent auto-exploring this place.
 F = Levels seen in this place.
 G = Mean time per level.
                   A        B        C        D        E       F      G
               +--------+--------+--------+--------+--------+-----+--------+
         Total |     54 |     54 |      0 |      0 |      7 |   1 |   54.0 |
       Dungeon |     54 |     54 |      0 |      0 |      7 |   1 |   54.0 |
               +--------+--------+--------+--------+--------+-----+--------+

Top non-repeatable levels by time:
     D:1: 54 daAuts
